 Dungeon Crawl Stone Soup version 0.27.0-1-g7a089689b8 (webtiles) character file.

Game seed: 5334887674549313437

91 Brandom the Ducker (level 4, 0/33 HPs)
             Began as a Djinni Air Elementalist on July 31, 2021.
             Was a Follower of Elyvilon.
             Slain by an orc (3 damage)
             ... on level 3 of the Dungeon.
             The game lasted 00:05:28 (3544 turns).

Brandom the Ducker (Djinni Air Elementalist)        Turns: 3544, Time: 00:05:29

Health: 0/33       AC:  2    Str:  8    XL:     4   Next: 88%
Gold:   98         EV: 13    Int: 16    God:    Elyvilon [*.....] SH:  0 Dex: 14

rFire    + + .     SeeInvis .   g - +0 trident
rCold    x . .     Faith    .   (no shield)
rNeg     + . .     Spirit   .   a - +0 robe
rPois    ∞         Reflect  .   (no helmet)
rElec    .         Harm     .   (no cloak)
rCorr    .         Rampage  .   (no gloves)
Will     .....                  (boots unavailable)
Stlth    ++........             (no amulet)
HPRegen  0.11/turn              k - ring of positive energy
MPRegen  0.00/turn              (no ring)

@: flying
A: sickness immunity, fire resistance 2, cold vulnerability 1, float, innate
caster, hp casting, extra vitality 1
a: Renounce Religion, Lesser Healing, Divine Protection


You were on level 3 of the Dungeon.
You worshipped Elyvilon.
Elyvilon was aware of your devotion.
You visited 1 branch of the dungeon, and saw 3 of its levels.

You collected 98 gold pieces.

Inventory:

Hand Weapons
 d - a +0 club
   (You took it off a goblin on level 1 of the Dungeon)
 g - a +0 trident (weapon)
   (You found it on level 2 of the Dungeon)
Armour
 a - a +0 robe (worn)
Jewellery
 k - a ring of positive energy (left hand)
   (You found it on level 2 of the Dungeon)
Scrolls
 e - 2 scrolls of teleportation {unknown}
 h - a scroll of enchant armour {unknown}
 i - 3 scrolls of identify {unknown}
 j - a scroll of fog {unknown}
Potions
 b - a potion of invisibility {unknown}
 c - 2 potions of curing {unknown}
 f - a potion of lignification {unknown}


   Skills:
 + Level 2.1 Fighting
 + Level 3.3 Dodging
 - Level 1.5 Stealth
 + Level 3.0 Spellcasting
 + Level 0.3 Invocations


You couldn't memorise any spells.
You knew the following spells:

 Your Spells              Type           Power      Damage    Failure   Level
a - Shock                 Conj/Air       48%        1d6       5%          1
b - Static Discharge      Conj/Air       12%        N/A       8%          2
c - Airstrike             Air            6%         N/A       45%         4
d - Corona                Hex            13%        N/A       5%          1
s - Swiftness             Air            12%        N/A       16%         3
Your spell library was empty.

Dungeon Overview and Level Annotations

Branches:
Dungeon (3/15)

Altars:
Elyvilon


Innate Abilities, Weirdness & Mutations

You are immune to sickness and miasma.
You are immune to poison.
Your flesh is very heat resistant. (rF++)
You are vulnerable to cold. (rC-)
You float through the air rather than walking.
You learn spells naturally, not from books.
Your magical power is your life essence.
You have superior vitality. (+4 HP)


Message History

The orc throws a boomerang.
The boomerang hits you. The orc closely misses you.
You closely miss the orc.
The hound zombie enters a dispersal trap!
The orc blinks! x5; You blink.
The hound zombie blinks!
The orc hits you with a +0 hand axe.
Found a book of Maledictions.
You barely miss the orc. The orc completely misses you.
The orc hits you with a +0 club.
You closely miss the orc. The orc hits you with a +0 hand axe.
The orc closely misses you.
The hound zombie bites you but does no damage.
The orc hits you with a +0 club. x2; The orc hits you but does no damage.
You hit the orc. The hound zombie barely misses you. The orc barely misses you.
The hound zombie bites you.
* * * LOW HITPOINT WARNING * * *
The orc closely misses you. The orc barely misses you.
The orc barely misses you. The hound zombie closely misses you.
The orc hits you with a +0 club.
* * * LOW HITPOINT WARNING * * *
The hound zombie closely misses you. The orc hits you with a +0 club.
* * * LOW HITPOINT WARNING * * *
The orc throws a boomerang.
The boomerang hits you.
* * * LOW HITPOINT WARNING * * *
Aim: an orc, wielding a +0 club, wearing a +0 ring mail and quivering boomerangs (72% to hit)
The zap hits the hound zombie.
The zap hits the orc. x3
* * * LOW HITPOINT WARNING * * *
The hound zombie bites you.
* * * LOW HITPOINT WARNING * * *
The hound zombie completely misses you.
Aim: an orc, wielding a +0 club, wearing a +0 ring mail and quivering boomerangs (heavily wounded, 72% to hit)
You miscast Shock.
You are very lightly contaminated with residual magic.
Nothing appears to happen.
* * * LOW HITPOINT WARNING * * *
Aim: an orc, wielding a +0 club, wearing a +0 ring mail and quivering boomerangs (heavily wounded, 72% to hit)
The zap hits the orc.
The zap misses the orc.
The zap hits the hound zombie.
The zap hits the orc.
You kill the orc!
* * * LOW HITPOINT WARNING * * *
Your magical contamination has completely faded away.
Okay, then.
Aim: a hound zombie (moderately damaged, 77% to hit)
The zap hits the orc but does no damage.
The zap hits the orc.
You kill the orc!
The zap hits the hound zombie.
* * * LOW HITPOINT WARNING * * *
The orc hits you with a +0 club.
You die...

##.##
#.# #..#
#.#
##.###.#
#..##Z#
##.##)#
#.##.#
#.##.#
#.##o#
#†.#@#
##.#.#
#.#.#
#.#.#
#.#.#
#.#.#
#...#
########
##..#
#......#
#..#
#......#


You could see an orc and a hound zombie.

Vanquished Creatures
  3 adders (D:2)
  A worm (D:2)
  A dart slug (D:1)
  2 orcs (D:3)
  6 ball pythons
  4 endoplasms
  2 giant cockroaches
  10 goblins
  6 hobgoblins
  3 jackals
  3 quokkas
  2 bats (D:2)
  2 frilled lizards
  3 kobolds
  8 rats
56 creatures vanquished.

Notes
Turn   | Place    | Note
-------+----------+-------------------------------------------
     0 | D:1      | Brandom the Djinni Air Elementalist began the quest for the
                  | Orb.
     0 | D:1      | Reached XP level 1. HP: 15/15 MP: 0/0
   387 | D:1      | Reached XP level 2. HP: 20/22 MP: 0/0
   736 | D:1      | Reached skill level 1 in Fighting
  1169 | D:1      | Reached XP level 3. HP: 22/27 MP: 0/0
  1169 | D:1      | Learned a level 1 spell: Corona
  2342 | D:2      | Reached XP level 4. HP: 27/33 MP: 0/0
  2531 | D:2      | Noticed an eye of devastation
  2566 | D:2      | Noticed a floating eye
  2632 | D:2      | Found a faded altar of an unknown god.
  2635 | D:2      | Noticed a great orb of eyes
  2635 | D:2      | Noticed a floating eye
  2641 | D:2      | Became a worshipper of Elyvilon the Healer
  2641 | D:2      | Reached * piety under Elyvilon
  3544 | D:3      | Slain by an orc

Illustrated notes

Levels and vault maps discovered:
D:1:      dpeg_arrival_stone_temple_mockup, layout_basic
D:2:      layout_basic, hellmonk_ecumenical_altar_watching_god
D:3:      layout_basic

Skill      XL: |  1  2  3  4 |
---------------+-------------+-----
Fighting       | 1 2 |  2.1
Dodging        | 3 |  3.3
Spellcasting   | 3 |  3.0
Stealth        | |  1.5
Invocations    | |  0.3

Action                   |  1- 3 |  4- 6 || total
-------------------------+-------+-------++-------
Melee: Trident           |    43 |    49 ||    92
 Cast: Shock             |    52 |    19 ||    71
       Static Discharge  |     2 |     1 ||     3
 Stab: Sleeping          |     1 |     1 ||     2
Armor: Robe              |     9 |     6 ||    15
Dodge: Dodged            |    52 |    41 ||    93
